 Dungeon Crawl Stone Soup version 0.30-a0-141-g30f27751c5 (webtiles) character file.

Game seed: 15125175025742990483

1865 qw the Cleaver (level 9, -3/55 HPs)
             Began as a Gargoyle Fighter on Sept 25, 2022.
             Slain by a gnoll
             ... wielding a +0 halberd
              (5 damage)
             ... on level 6 of the Dungeon.
             The game lasted 00:02:12 (5667 turns).

qw the Cleaver (Gargoyle Fighter)                   Turns: 5667, Time: 00:02:12

Health: -3/55      AC: 20    Str: 29    XL:     9   Next: 13%
Magic:  9/9        EV: 10    Int: 10    God:
Gold:   203        SH:  4    Dex:  9    Spells: 8/8 levels left

rFire   . . .      SeeInvis .    Y - +0 war axe (elec)
rCold   . . .      Faith    .    c - +0 buckler
rNeg    + . .      Spirit   .    g - quicksilver dragon scales
rPois   inf        Reflect  .    f - +0 helmet
rElec   +          Harm     .    (no cloak)
rCorr   .          Rampage  .    n - +1 pair of gloves
Will    ++...      Rage     3%   (no boots)
Stlth   ..........               (no amulet)
HPRegen 0.18/turn                m - +6 ring of strength
MPRegen 0.11/turn                (no ring)

@: about to teleport
A: sickness immunity, AC +6, negative energy resistance 1, electricity
resistance, torment resistance 1, petrification resistance, fangs 1, hooves 1,
berserk 1, strong-willed 1
a: no special abilities


You were on level 6 of the Dungeon.
You visited 1 branch of the dungeon, and saw 6 of its levels.

You collected 203 gold pieces.


Innate Abilities, Weirdness & Mutations

You are immune to sickness and miasma.
Your stone body is resilient. (AC +6)
You are immune to poison.
You resist negative energy. (rN+)
You are resistant to electric shocks. (rElec)
You are resistant to unholy torment.
You are immune to petrification.
You have very sharp teeth.
You have large cloven feet.
You sometimes lose your temper in combat.
You are strong-willed. (Will+)


   Skills:
 - Level 6.2 Fighting
 - Level 9.0 Axes
 - Level 1.8 Throwing
 - Level 4.1 Armour
 - Level 1.0 Dodging
 + Level 3.8 Shields


You had 8 spell levels left.
You didn't know any spells.
Your spell library was empty.

Inventory:

Hand Weapons
 k - a +0 flail
 Y - a +0 war axe of electrocution (weapon)
Missiles
 b - 2 silver boomerangs (quivered)
 t - 3 boomerangs
Armour
 c - a +0 buckler (worn)
 f - a +0 helmet (worn)
 g - quicksilver dragon scales (worn)
 h - a +0 plate armour
 n - a +1 pair of gloves (worn)
Jewellery
 m - a +6 ring of strength (left hand)
 u - a ring of ice
Scrolls
 e - a scroll of identify
Potions
 d - 5 potions of might
 i - 2 potions of curing
 l - a potion of magic {unknown}
 p - a potion of berserk rage {unknown}
 q - a potion of invisibility {unknown}
 r - a potion of lignification {unknown}
 s - a potion of flight {unknown}
 v - a potion of haste {unknown}

Dungeon Overview and Level Annotations

Branches:
Dungeon (6/15)
 Temple: D:4-7

Altars:
Makhleb

Shops:
D:4 *

Annotations:
D:3 2 runed translucent doors, Tophatdictator's ghost, amateur DECj
D:4 4 runed translucent doors


Message History

The centaur kicks you but does no damage.
The centaur hits you but does no damage.
The centaur barely misses you. You block the gnoll's attack.
The gnoll hits you from afar with a +0 halberd.
The gnoll barely misses you.
You slash the centaur!
The centaur is heavily wounded.
The centaur hits you but does no damage.
The centaur kicks you but does no damage.
The gnoll hits you but does no damage. x2; You block the gnoll's attack.
The centaur hits you but does no damage.
The centaur closely misses you.
You closely miss the centaur. You kick the centaur.
The centaur is heavily wounded.
The centaur barely misses you.
The centaur kicks you but does no damage.
The gnoll closely misses you. The gnoll misses you.
The gnoll barely misses you.
You hit the centaur. You kick the centaur, but do no damage.
You bite the centaur, but do no damage.
The centaur is severely wounded.
You block the centaur's attack.
The centaur kicks you but does no damage.
The gnoll hits you from afar with a +0 halberd.
The gnoll completely misses you. You block the gnoll's attack.
The centaur hits you but does no damage.
The centaur kicks you but does no damage.
5665 ||| READING scroll of teleportation.
As you read the scroll of teleportation, it crumbles to dust.
You feel strangely unstable.
The centaur hits you but does no damage.
The centaur kicks you but does no damage.
The gnoll hits you from afar with a +0 halberd.
The gnoll closely misses you.
The gnoll hits you from afar with a +0 vorpal halberd.
You slice the centaur!! Lightning courses through the centaur!
You kill the centaur!
The gnoll hits you from afar with a +0 vorpal halberd.
The gnoll barely misses you. The gnoll closely misses you.
The gnoll closely misses you. x2; The gnoll hits you with a +0 halberd.
You die...

#..... .### ....
.. ..... .... ..
...... ..# #.##
...... ..##...###
......##[.#.......
......g)))........
......g@..........
......g).......?..
........?.........
..................
..................
..........<.......
.#.#..............
###..............
##.##..#.......


You could see 3 gnolls.

Vanquished Creatures
  A kobold demonologist (D:6)
  Grinder (D:4)
  A hornet (D:4)
  2 orc warriors (D:4)
  An ogre (D:5)
  A centaur (D:6)
  3 phantoms
  A necrophage (D:5)
  A bullfrog (D:4)
  3 hounds
  4 jellies
  3 iguanas
  Robin (D:4)
  7 adders
  A gnoll (D:6)
  A shadow imp (D:3)
  A white imp (D:5)
  An ufetubus (D:5)
  An adder zombie (D:2)
  3 worms
  3 dart slugs
  5 orcs
  A bat skeleton (D:2)
  7 endoplasms
  2 giant cockroaches
  13 hobgoblins
  2 jackals (D:3)
  3 quokkas
  9 ball pythons
  A ball python skeleton (D:2)
  2 ball python zombies (D:2)
  11 bats
  5 frilled lizards
  18 goblins
  6 kobolds
  2 rats (D:3)
128 creatures vanquished.

Vanquished Creatures (others)
  A withered plant (D:2)
1 creature vanquished.

Grand Total: 129 creatures vanquished

Notes
Turn   | Place    | Note
-------+----------+-------------------------------------------
     0 | D:1      | qw the Gargoyle Fighter began the quest for the Orb.
     0 | D:1      | Reached XP level 1. HP: 14/14 MP: 1/1
     0 | D:1      | 0 ||| qw: Version: 0.2-a-9-g4872b50
     0 | D:1      | 0 ||| qw: Game counter: 75
     0 | D:1      | 0 ||| qw: Always use a shield: true
     0 | D:1      | 0 ||| qw: God list: Okawaru
     0 | D:1      | 0 ||| qw: Allow faded altars: false
     0 | D:1      | 0 ||| qw: Do Orc after D:15 true
     0 | D:1      | 0 ||| qw: Do second Lair branch before Depths: true
     0 | D:1      | 0 ||| qw: Lair rune preference: random
     0 | D:1      | 0 ||| qw: Plans: Normal, Zot:1-4, God:TSO, Crypt, Tomb,
                  | Pan, Slime:5, Hells, Abyss, Orb
     0 | D:1      | 0 ||| PLANNING D:1-11
   118 | D:1      | Reached skill level 2 in Axes
   375 | D:1      | Reached XP level 2. HP: 16/19 MP: 2/2
  1057 | D:1      | 1057 ||| UPGRADING to quicksilver dragon scales.
  1067 | D:1      | 1067 ||| DROPPING +0 scale mail.
  1068 | D:1      | 1068 ||| UPGRADING to +6 ring of strength.
  1069 | D:1      | 1069 ||| READING 3 scrolls labelled IWAKITHR KESYTS.
  1070 | D:1      | 1070 ||| READING scroll labelled XUEXUXKOAP.
  1071 | D:1      | 1071 ||| READING 2 scrolls labelled BAAMIA TAYRI.
  1072 | D:1      | 1072 ||| DROPPING 2 scrolls of magic mapping.
  1073 | D:1      | 1073 ||| DROPPING scroll of fear.
  1124 | D:2      | 1124 ||| Stepping ~*~*~tactically~*~*~ (stealth).
  1159 | D:2      | Reached skill level 3 in Axes
  1174 | D:2      | Reached XP level 3. HP: 21/23 MP: 3/3
  1224 | D:2      | Found a faded altar of an unknown god.
  1755 | D:2      | 1755 ||| READING 2 scrolls labelled ZURCHO CUWAFU.
  1760 | D:2      | 1760 ||| READING scroll labelled ELAFOF KEKH.
  1761 | D:2      | 1761 ||| READING scroll labelled QOACVUHUMMIH.
  1762 | D:2      | 1762 ||| READING scroll labelled DUTWERISTRO.
  1763 | D:2      | 1763 ||| DRINKING 2 white potions.
  1763 | D:2      | Gained mutation: Your spells are a little easier to cast,
                  | but a little less powerful. [potion of mutation]
  1763 | D:2      | Gained mutation: You occasionally shout uncontrollably at
                  | your foes. [potion of mutation]
  1763 | D:2      | Gained mutation: You sometimes lose your temper in combat.
                  | [potion of mutation]
  1764 | D:2      | 1764 ||| DRINKING potion of mutation.
  1764 | D:2      | Lost mutation: Your spells are a little easier to cast, but
                  | a little less powerful. [potion of mutation]
  1764 | D:2      | Lost mutation: You occasionally shout uncontrollably at
                  | your foes. [potion of mutation]
  1764 | D:2      | Lost mutation: You sometimes lose your temper in combat.
                  | [potion of mutation]
  1764 | D:2      | Gained mutation: You have very sharp teeth. [potion of
                  | mutation]
  1764 | D:2      | Gained mutation: You sometimes lose your temper in combat.
                  | [potion of mutation]
  1764 | D:2      | Gained mutation: You have hidden genetic potential. [potion
                  | of mutation]
  1765 | D:2      | 1765 ||| DRINKING 3 dark potions.
  1815 | D:3      | Found a large runed translucent door.
  1815 | D:3      | Found a large runed translucent door.
  1817 | D:3      | Noticed Tophatdictator's ghost (amateur DECj)
  1828 | D:3      | Reached XP level 4. HP: 28/28 MP: 4/4
  1865 | D:3      | 1865 ||| Stepping ~*~*~tactically~*~*~ (hiding).
  1972 | D:3      | 1972 ||| Stepping ~*~*~tactically~*~*~ (hiding).
  1973 | D:3      | 1973 ||| Stepping ~*~*~tactically~*~*~ (hiding).
  1983 | D:3      | Reached skill level 4 in Axes
  2286 | D:3      | Gained mutation: You have large cloven feet. [hidden
                  | potential]
  2294 | D:3      | Found a burning altar of Makhleb.
  2343 | D:3      | 2343 ||| FLEEEEING.
  2344 | D:3      | 2344 ||| FLEEEEING.
  2345 | D:3      | 2345 ||| FLEEEEING.
  2350 | D:3      | 2350 ||| FLEEEEING.
  2351 | D:3      | 2351 ||| FLEEEEING.
  2352 | D:3      | 2352 ||| FLEEEEING.
  2406 | D:3      | 2406 ||| DROPPING +0 club.
  2508 | D:3      | Reached XP level 5. HP: 31/32 MP: 5/5
  2638 | D:3      | Gained mutation: You are strong-willed. (Will+) [hidden
                  | potential]
  2638 | D:3      | Lost mutation: You have hidden genetic potential. [hidden
                  | potential expressed]
  3024 | D:3      | 3024 ||| UPGRADING to +0 pair of gloves.
  3029 | D:3      | 3029 ||| READING scroll labelled WYCULL UGIF.
  3030 | D:3      | 3030 ||| READING scroll labelled NIKOYXI ATAUK.
  3094 | D:4      | Reached skill level 5 in Axes
  3123 | D:4      | 3123 ||| Stepping ~*~*~tactically~*~*~ (stealth).
  3127 | D:4      | 3127 ||| Stepping ~*~*~tactically~*~*~ (stealth).
  3140 | D:4      | Noticed Robin
  3141 | D:4      | 3141 ||| Stepping ~*~*~tactically~*~*~ (hiding).
  3145 | D:4      | Killed Robin
  3165 | D:4      | Reached skill level 1 in Dodging
  3252 | D:4      | Noticed a phantom
  3266 | D:4      | Killed a phantom
  3267 | D:4      | Reached XP level 6. HP: 32/39 MP: 6/6
  3315 | D:4      | Noticed Grinder
  3323 | D:4      | 3323 ||| FLEEEEING.
  3324 | D:4      | 3324 ||| FLEEEEING.
  3325 | D:4      | 3325 ||| FLEEEEING.
  3326 | D:4      | 3326 ||| FLEEEEING.
  3327 | D:4      | 3327 ||| FLEEEEING.
  3328 | D:4      | 3328 ||| FLEEEEING.
  3332 | D:4      | 3332 ||| Stepping ~*~*~tactically~*~*~ (hiding).
  3333 | D:4      | 3333 ||| Stepping ~*~*~tactically~*~*~ (hiding).
  3341 | D:4      | Killed Grinder
  3342 | D:4      | Reached skill level 6 in Axes
  3342 | D:4      | Reached XP level 7. HP: 34/44 MP: 7/7
  3556 | D:4      | Found Iddanas's Elemental Accessories.
  3796 | D:4      | Noticed a hornet
  3801 | D:4      | Killed a hornet
  3802 | D:4      | Reached skill level 7 in Axes
  3883 | D:4      | 3883 ||| Stepping ~*~*~tactically~*~*~ (hiding).
  3888 | D:4      | 3888 ||| Stepping ~*~*~tactically~*~*~ (hiding).
  3903 | D:4      | 3903 ||| Stepping ~*~*~tactically~*~*~ (stealth).
  3944 | D:4      | 3944 ||| UPGRADING to +0 helmet.
  3949 | D:4      | 3949 ||| READING 2 scrolls of identify.
  3949 | D:4      | 3949 ||| IDENTIFYING murky purple potion
  3950 | D:4      | 3950 ||| DROPPING potion of ambrosia.
  3951 | D:4      | 3951 ||| READING 2 scrolls of teleportation.
  3977 | D:4      | Found a large runed translucent door.
  3978 | D:4      | Found a large runed translucent door.
  4001 | D:4      | 4001 ||| Stepping ~*~*~tactically~*~*~ (stealth).
  4002 | D:4      | 4002 ||| Stepping ~*~*~tactically~*~*~ (stealth).
  4010 | D:4      | Reached skill level 1 in Throwing
  4020 | D:4      | 4020 ||| Stepping ~*~*~tactically~*~*~ (stealth).
  4021 | D:4      | 4021 ||| Stepping ~*~*~tactically~*~*~ (stealth).
  4150 | D:4      | Identified the +8 spear of Doom {drain, Dex+2}
  4165 | D:4      | Noticed a wyvern
  4172 | D:4      | Found a large runed translucent door.
  4172 | D:4      | Found a large runed translucent door.
  4244 | D:4      | Reached XP level 8. HP: 47/48 MP: 8/8
  4452 | D:4      | 4452 ||| Stepping ~*~*~tactically~*~*~ (stealth).
  4891 | D:4      | 4891 ||| DROPPING amulet of magic regeneration.
  4892 | D:4      | 4892 ||| READING 2 scrolls labelled SOKEGROODO.
  4893 | D:4      | 4893 ||| READING scroll of enchant armour.
  4893 | D:4      | 4893 ||| ENCHANTING +0 pair of gloves.
  4929 | D:5      | Entered Level 5 of the Dungeon
  5082 | D:5      | Reached skill level 8 in Axes
  5511 | D:5      | 5511 ||| READING scroll labelled QON BUTYARCHUOZ.
  5612 | D:5      | 5612 ||| READING 2 scrolls of identify.
  5612 | D:5      | 5612 ||| IDENTIFYING black potion
  5613 | D:5      | 5613 ||| DROPPING potion of degeneration.
  5631 | D:6      | 5631 ||| STAIRDANCE
  5649 | D:6      | Reached skill level 6 in Fighting
  5650 | D:6      | Noticed a kobold demonologist
  5660 | D:6      | Killed a kobold demonologist
  5661 | D:6      | Reached skill level 9 in Axes
  5661 | D:6      | Reached XP level 9. HP: 20/55 MP: 9/9
  5664 | D:6      | HP: 13/55 [gnoll/+0 halberd (2)]
  5665 | D:6      | 5665 ||| READING scroll of teleportation.
  5666 | D:6      | HP: 3/55 [gnoll/+0 vorpal halberd (6)]
  5667 | D:6      | Slain by a gnoll

Levels and vault maps discovered:
D:1:      shiori_arrival_elements, layout_basic, serial_glass, glass_columns_b,
          glass_columns_a
D:2:      layout_basic, shapermc_ecumenical_altar_pompeii, serial_undead,
          serial_undead_b, serial_undead_a, serial_undead_e, serial_undead_c
D:3:      minmay_angry_zag, layout_loops_ring, lemuel_doored_altar,
          ebering_ghost_disaster_area, minmay_circle_x
D:4:      minmay_chambers_of_fours, layout_loops_corners,
          nicolae_elemental_shop, minmay_hollow_rounded_squares, uniq_grinder,
          uniq_robin
D:5:      layout_basic
D:6:      layout_cave_pools, lemuel_coloured_pillars_altar,
          minmay_temple_entry_stoned_glass, minmay_ruffians, uniq_edmund

Skill      XL: |  1  2  3  4  5  6  7  8 |
---------------+-------------------------+-----
Axes           | 2 3 4 5 6 7 9 |  9.0
Dodging        | 1 |  1.0
Fighting       | 4 6 |  6.2
Throwing       | 1 |  1.8
Armour         | 4 |  4.1
Shields        | |  3.8

Action                   |  1- 3 |  4- 6 |  7- 9 || total
-------------------------+-------+-------+-------++-------
Melee: War axe           |   103 |   152 |   115 ||   370
       Bite              |       |     8 |     7 ||    15
       Kick              |       |    16 |    21 ||    37
Throw: Boomerang         |       |       |    26 ||    26
  Use: Scroll            |     7 |     2 |     7 ||    16
       Potion            |     3 |       |       ||     3
Armor: Scale mail        |    15 |       |       ||    15
       Quicksilver drago |    40 |    71 |    69 ||   180
Dodge: Dodged            |    41 |    60 |    63 ||   164
Block: Buckler           |    22 |    30 |    14 ||    66

Table legend:
 A = Non-vault XP
 B = Vault XP
 C = Vault XP percentage of total XP
 D = Non-vault monster count
 E = Vault monster count
 F = Vault count percentage of total count
                 A         B        C        D         E       F
            +---------+---------+-------+---------+---------+-------
      Total |    1482 |    1183 |  44.4 |      75 |      53 |  41.4
            +---------+---------+-------+---------+---------+-------
        D:1 |      19 |       0 |   0.0 |      11 |       0 |   0.0
        D:2 |      52 |      10 |  16.1 |      15 |       5 |  25.0
        D:3 |      93 |      49 |  34.5 |      22 |      15 |  40.5
        D:4 |     187 |    1124 |  85.7 |      11 |      33 |  75.0
        D:5 |     408 |       0 |   0.0 |       9 |       0 |   0.0
        D:6 |     723 |       0 |   0.0 |       7 |       0 |   0.0
            +---------+---------+-------+---------+---------+-------
